 Dungeon Crawl Stone Soup version 0.23.2-1-ga50397a (webtiles) character file.

Game seed: 12399115152725093024

1450 MalarOregon the Spear-Bearer (level 8, -4/85 HPs)
             Began as a Merfolk Gladiator on May 14, 2019.
             Was an Initiate of Hepliaklqana.
             Slain by a vampire mosquito (7 damage)
             ... on level 8 of the Dungeon.
             The game lasted 00:11:10 (7086 turns).

MalarOregon the Spear-Bearer (Merfolk Gladiator)    Turns: 7086, Time: 00:11:11

Health: -4/85      AC: 24    Str: 17    XL:     8   Next: 75%
Magic:  8/8        EV:  2    Int:  7    God:    Hepliaklqana [......]
Gold:   232        SH:  0    Dex: 15    Spells: 7/7 levels left

rFire    . . .     SeeInvis .   a - +0 trident
rCold    . . .     Gourm    .   (no shield)
rNeg     + + +     Faith    .   (armour currently unavailable)
rPois    +         Spirit   .   (helmet currently unavailable)
rElec    .         Reflect  .   (cloak currently unavailable)
rCorr    .         Harm     .   (gloves currently unavailable)
MR       +....     NoTele   +   (boots currently unavailable)
Stlth    +.........             (no amulet)
HPRegen  0.24/turn              (no ring)
MPRegen  0.11/turn              (no ring)

@: tree-form, hasted, very quick
A: (change form in water), (swift swim), (stealthy swim), reduced essence, magic
resistance 1
a: Recall Ancestor, Ancestor Identity, Renounce Religion


You were on level 8 of the Dungeon.
You worshipped Hepliaklqana.
Hepliaklqana was noncommittal.
You were not hungry.
You were a tree.
You visited 2 branches of the dungeon, and saw 9 of its levels.

You collected 232 gold pieces.

Inventory:

Hand Weapons
 a - a +0 trident (weapon)
Missiles
 d - 3 throwing nets (quivered) {!f}
Armour
 c - a +1 helmet (melded)
 h - a +0 pair of boots (melded)
   (You found it on level 2 of the Dungeon)
 j - a +0 plate armour (melded)
   (You found it on level 1 of the Dungeon)
Jewellery
 n - an uncursed ring of flight {unknown}
   (You found it on level 6 of the Dungeon)
Wands
 x - a wand of acid (9)
   (You found it on level 4 of the Dungeon)
Scrolls
 f - 8 scrolls of remove curse {@r2}
 i - a scroll of fog
 p - a scroll of identify {@r1}
Potions
 g - a potion of magic
 m - a potion of mutation {!q}
Comestibles
 e - 13 rations {!d}
 q - 3 chunks of flesh


   Skills:
 + Level 6.2 Fighting
 + Level 8.9 Polearms
 - Level 2.0 Throwing
 + Level 3.4 Armour
 + Level 8.1 Dodging


You had 7 spell levels left.
You didn't know any spells.
Your spell library contained the following spells:

 Spells                   Type           Power        Failure   Level  Hunger
 Beastly Appendage        Tmut           #.....       43%         1    ##.....
 Sticks to Snakes         Tmut           #.......     56%         2    ###....
 Spider Form              Tmut/Pois      #.........   80%         3    ####...
 Ice Form                 Ice/Tmut       #.......     99%         4    #####..
 Blade Hands              Tmut           #.........   100%        5    ######.


Dungeon Overview and Level Annotations

Branches:
Dungeon (9/15)             Temple (1/1) D:6
   Lair: D:8-11         Orc: D:9-12

Altars:
Ashenzari
Cheibriados
Dithmenos
Elyvilon
Fedhas
Gozag
Hepliaklqana
Kikubaaqudgha
Makhleb
Nemelex Xobeh
Okawaru
Qazlal
Ru
Sif Muna
Trog
Uskayaw
Vehumet
Wu Jian
Xom
Yredelemnul
Zin
The Shining One

Shops:
D:6 =

Annotations:
D:3 1 runed translucent door, Crazy Yiuf


Innate Abilities, Weirdness & Mutations

((You revert to your normal form in water))
((You are very nimble and swift while swimming.))
((You are very stealthy in the water. (Stealth+)))
Your life essence is reduced to manifest your ancestor. (-10% HP)
((You have a pair of small horns on your head.))
((You are partially covered in iridescent scales. (AC +2)))
((Armour fits poorly on your strangely shaped body.))
You are resistant to hostile enchantments. (MR+)


Message History

The vampire mosquito bites you but does no damage.
You miss the vampire mosquito.
The vampire mosquito bites you but does no damage. x2
You miss the vampire mosquito.
The vampire mosquito bites you but does no damage.
You barely miss the vampire mosquito. The vampire mosquito bites you.
* * * LOW HITPOINT WARNING * * *
The vampire mosquito bites you but does no damage.
You feel yourself speed up.
The vampire mosquito bites you but does no damage. x2
Unknown command.
You closely miss the vampire mosquito. The vampire mosquito barely misses you.
You hit the vampire mosquito. The vampire mosquito bites you.
* * * LOW HITPOINT WARNING * * *
You miss the vampire mosquito. The vampire mosquito barely misses you.
You barely miss the vampire mosquito.
The vampire mosquito bites you but does no damage.
You barely miss the vampire mosquito.
The vampire mosquito bites you but does no damage.
You closely miss the vampire mosquito.
The vampire mosquito bites you but does no damage.
You hit the vampire mosquito. The vampire mosquito bites you.
* * * LOW HITPOINT WARNING * * *
Really quaff
m - 3 potions of mutation {!q}?
Really quaff the potion of mutation?
You feel extremely strange.
You feel more energetic.
Your regeneration stops near monsters.
You feel resistant to hostile enchantments.
Iridescent scales grow over part of your body.
The vampire mosquito barely misses you.
The vampire mosquito bites you but does no damage.
Really quaff
m - 2 potions of mutation {!q}?
Really quaff the potion of mutation?
You feel extremely strange.
You feel less resistant to hostile enchantments.
You feel less energetic.
You begin to regenerate regardless of the presence of monsters.
Your body twists and deforms.
A pair of horns grows on your head!
You feel resistant to hostile enchantments.
The vampire mosquito bites you but does no damage.
You barely miss the vampire mosquito.
The vampire mosquito bites you but does no damage.
You hit the vampire mosquito.
The vampire mosquito bites you but does no damage.
You hit the vampire mosquito.
The vampire mosquito bites you but does no damage.
You hit the vampire mosquito but do no damage.
The vampire mosquito bites you but does no damage.
You hit the vampire mosquito. The vampire mosquito bites you!
You die...

#### ### #..####
##.###...#♣# .
##.......yy#........
#.÷........######...
##.........# .....
#.†........###...#
#................#
#....##......?..##
#.......##.....##
.....###.........#


You could see 2 vampire mosquitoes.

Vanquished Creatures
  A vampire mosquito (D:8)
  An orc warrior (D:1)
  A sky beast (D:6)
  4 ogres
  A bullfrog (D:6)
  A scorpion (D:4)
  A crimson imp (D:6)
  A hound (D:8)
  3 orc wizards
  2 bullfrog skeletons
  An iguana (D:4)
  4 worker ants
  2 hound skeletons (D:5)
  10 adders
  2 oozes
  A worm (D:3)
  5 dart slugs (D:1)
  6 leopard geckos
  16 orcs
  7 giant cockroaches
  9 goblins
  3 hobgoblins
  8 jackals
  3 quokkas
  9 bats
  8 frilled lizards
  A jackal skeleton (D:6)
  7 kobolds
  14 rats
132 creatures vanquished.

Vanquished Creatures (collateral kills)
  A sky beast (D:8)
1 creature vanquished.

Vanquished Creatures (others)
  An ancestor (D:8)
1 creature vanquished.

Grand Total: 134 creatures vanquished

Notes
Turn   | Place    | Note
-------+----------+-------------------------------------------
     0 | D:1      | MalarOregon the Merfolk Gladiator began the quest for the
                  | Orb.
     0 | D:1      | Reached XP level 1. HP: 16/16 MP: 1/1
    41 | D:1      | Reached XP level 2. HP: 11/23 MP: 2/2
   290 | D:1      | Reached skill level 5 in Polearms
   295 | D:1      | Reached XP level 3. HP: 16/28 MP: 3/3
   734 | D:1      | You fall through a shaft!
   755 | D:2      | Noticed an orc warrior
   827 | D:2      | HP: 1/29 [orc warrior/+0 scimitar (12)]
  1115 | D:2      | Reached XP level 4. HP: 35/35 MP: 4/4
  1165 | D:2      | Reached skill level 5 in Dodging
  1804 | D:3      | Found an opulent altar of Gozag.
  1862 | D:3      | Found a runed translucent door.
  1863 | D:3      | Noticed Crazy Yiuf
  2006 | D:3      | Reached XP level 5. HP: 39/41 MP: 5/5
  2327 | D:3      | Reached skill level 1 in Armour
  2705 | D:4      | Noticed an ogre
  2718 | D:4      | Killed an ogre
  2718 | D:4      | Reached XP level 6. HP: 8/48 MP: 6/6
  3377 | D:4      | Reached XP level 7. HP: 24/55 MP: 7/7
  4307 | D:4      | Reached skill level 5 in Fighting
  5581 | D:5      | Entered Level 5 of the Dungeon
  5727 | D:5      | Found a stormy altar of Qazlal.
  6450 | D:6      | Reached XP level 8. HP: 62/62 MP: 8/8
  6563 | D:6      | Found Adajimp's Jewellery Boutique.
  6591 | D:6      | Found a staircase to the Ecumenical Temple.
  6642 | Temple   | Entered the Ecumenical Temple
  6661 | Temple   | Became a worshipper of Hepliaklqana the Forgotten
  6851 | D:6      | Found a glowing golden altar of the Shining One.
  6915 | D:6      | You fall through a shaft for 3 floors!
  7074 | D:8      | HP: 3/85 [vampire mosquito (2)]
  7079 | D:8      | HP: 2/85 [vampire mosquito (2)]
  7080 | D:8      | Gained mutation: You have an increased reservoir of magic.
                  | (+10% MP) [potion of mutation]
  7080 | D:8      | Gained mutation: You do not regenerate when monsters are
                  | visible. [potion of mutation]
  7080 | D:8      | Gained mutation: You are resistant to hostile enchantments.
                  | (MR+) [potion of mutation]
  7080 | D:8      | Gained mutation: You are partially covered in iridescent
                  | scales. (AC +2) [potion of mutation]
  7081 | D:8      | Lost mutation: You are resistant to hostile enchantments.
                  | (MR+) [potion of mutation]
  7081 | D:8      | Lost mutation: You have an increased reservoir of magic.
                  | (+10% MP) [potion of mutation]
  7081 | D:8      | Lost mutation: You do not regenerate when monsters are
                  | visible. [potion of mutation]
  7081 | D:8      | Gained mutation: Armour fits poorly on your strangely
                  | shaped body. [potion of mutation]
  7081 | D:8      | Gained mutation: You have a pair of small horns on your
                  | head. [potion of mutation]
  7081 | D:8      | Gained mutation: You are resistant to hostile enchantments.
                  | (MR+) [potion of mutation]
  7086 | D:8      | Slain by a vampire mosquito

Skill      XL: |  1  2  3  4  5  6  7  8 |
---------------+-------------------------+-----
Polearms       | 5 6 7 8 |  8.9
Fighting       | 3 4 5 6 |  6.2
Dodging        | 5 6 7 8 |  8.1
Armour         | 1 2 3 |  3.4
Throwing       | |  2.0

Action                   |  1- 3 |  4- 6 |  7- 9 || total
-------------------------+-------+-------+-------++-------
Melee: Trident           |   127 |   238 |   280 ||   645
Invok: Recall Ancestor   |       |       |     1 ||     1
  Use: Scroll            |     1 |     1 |     6 ||     8
       Potion            |     1 |       |     7 ||     8
  Eat: Chunk             |     1 |     7 |    12 ||    20
Armor: Leather armour    |    37 |       |       ||    37
       Plate armour      |    12 |   130 |   133 ||   275
       Skin              |       |       |    29 ||    29
Dodge: Dodged            |    76 |    72 |    92 ||   240
